 Dungeon Crawl Stone Soup version 0.31-a0-150-g89dc3ad700 (webtiles) character file.

Game seed: 8219718828369741996

37 Moral the Stinger (level 3, 0/28 HPs)
             Began as a Naga Venom Mage on June 9, 2023.
             Slain by Terence
             ... wielding a +0 hand axe
              (7 damage)
             ... on level 2 of the Dungeon.
             The game lasted 00:07:04 (1251 turns).

Moral the Stinger (Naga Venom Mage)                 Turns: 1251, Time: 00:07:04

Health: 0/28       AC:  2    Str: 10    XL:     3   Next: 39%
Magic:  0/6        EV:  9    Int: 17    God:
Gold:   0          SH:  0    Dex: 11    Spells: 5/6 levels left

rFire   . . .        (no weapon)
rCold   . . .        (no shield)
rNeg    . . .        a - +0 robe
rPois   +            (no helmet)
rElec   .            (no cloak)
rCorr   .            (no gloves)
SInv    +            (no barding)
Will    .....        (no amulet)
Stlth   ++           (no ring)
HPRegen 0.24/turn    (no ring)
MPRegen 0.10/turn

%: no passive effects
@: short of breath, very slightly contaminated, very slow
A: AC +1, large, see invisible, deformed body, poison resistance, slowness 2,
spit poison 1, naga tail 1
a: Spit Poison


You were on level 2 of the Dungeon.
You visited 1 branch of the dungeon, and saw 2 of its levels.

Inventory:

Missiles
 c - 4 poisoned darts (quivered)
Armour
 a - a +0 robe (worn)
Scrolls
 d - 2 scrolls of identify
Potions
 b - a potion of magic
 g - a potion of brilliance


   Skills:
 + Level 0.1 Throwing
 + Level 1.6 Dodging
 + Level 3.3 Stealth
 + Level 0.2 Unarmed Combat
 * Level 2.1 Spellcasting
 + Level 1.4 Transmutations
 * Level 5.1 Poison Magic


You had 5 spell levels left.
You knew the following spells:

 Your Spells              Type           Power      Damage    Failure   Level
a - Sting                 Tmut/Pois      52%        1d5       4%          1

Your spell library contained the following spells:

 Spells                   Type           Power      Damage    Failure   Level
 Poisonous Vapours        Pois/Air       20%        N/A       10%         2
 Olgreb's Toxic Radiance  Pois           19%        N/A       22%         4
 Mephitic Cloud           Conj/Pois/Air  7%         N/A       28%         3


Dungeon Overview and Level Annotations

Branches:
Dungeon (2/15)

Altars:

Annotations:
D:2 Terence


Innate Abilities, Weirdness & Mutations

Your serpentine skin is tough. (AC +1)
You have supernaturally acute eyesight. (SInv)
Armour fits poorly on your strangely shaped body.
Your system is resistant to poisons. (rPois)
You cover ground very slowly.
You can spit poison.
You have a snake-like lower body.


Message History

Casting: Sting (safe; 4% risk of failure)
Confirm with . or Enter, or press ? or * to list all spells.
Aiming: Sting (safe; 4% risk of failure)
Press: ? - help, Shift-Dir - straight line, f/p - Terence
Aim: Terence, wielding a +0 hand axe and wearing a +0 scale mail (lightly wounded, very poisoned, 75% to hit)
The sting hits Terence.
Terence looks even sicker.
Terence is moderately wounded.
Terence hits you with a +0 hand axe.
Unknown command.
Casting: Sting (safe; 4% risk of failure)
Confirm with . or Enter, or press ? or * to list all spells.
Aiming: Sting (safe; 4% risk of failure)
Press: ? - help, Shift-Dir - straight line, f/p - Terence
Aim: Terence, wielding a +0 hand axe and wearing a +0 scale mail (moderately wounded, very poisoned, 75% to hit)
The sting hits Terence but does no damage.
Terence looks as sick as possible!
Terence is moderately wounded.
You have got your breath back.
Terence hits you with a +0 hand axe.
Aiming: Spit Poison (2% risk of failure)
Press: ? - help, Shift-Dir - straight line, f/p - Terence
Aim: Terence, wielding a +0 hand axe and wearing a +0 scale mail (heavily wounded, extremely poisoned, 65% to hit)
The splash of poison hits Terence but does no damage.
Terence is heavily wounded.
Terence hits you with a +0 hand axe.
* * * LOW HITPOINT WARNING * * *
Okay, then.
Unknown command.
Level annotation: Terence Welcome back, Moral the Naga Venom Mage.
Press ? for a list of commands and other information.
Press: ? - help, v - describe, . - travel The floor, spattered with blood.
Okay, then.
Okay, then.
As you read the scroll labelled TOZXI YZEH, it crumbles to dust.
It is a scroll of brand weapon.
You aren't carrying any weapons that can be branded.
Terence hits you with a +0 hand axe!
You die...

..... ..... ##
#..... #. ......
#.######......
#....$(.......
#?.@@........#
#...r.......#
#.?.).......#
............####
#......)$....#
######.......#
#########


You could see Terence (extremely poisoned) and a rat.

Vanquished Creatures
  4 dart slugs
  5 ball pythons
  An endoplasm (D:1)
  A giant cockroach (D:1)
  2 goblins
  2 hobgoblins
  A kobold (D:1)
  2 quokkas (D:1)
  2 bats (D:1)
  3 frilled lizards (D:1)
  5 rats (D:1)
28 creatures vanquished.

Vanquished Creatures (collateral kills)
  A rat (D:1)
1 creature vanquished.

Grand Total: 29 creatures vanquished

Notes
Turn   | Place    | Note
-------+----------+-------------------------------------------
     0 | D:1      | Moral the Naga Venom Mage began the quest for the Orb.
     0 | D:1      | Reached XP level 1. HP: 15/15 MP: 3/3
   304 | D:1      | Reached XP level 2. HP: 22/22 MP: 1/5
   800 | D:1      | Reached skill level 5 in Poison Magic
   800 | D:1      | Reached XP level 3. HP: 23/28 MP: 6/6
  1238 | D:2      | Noticed Terence
  1251 | D:2      | Slain by Terence

Illustrated notes

Levels and vault maps discovered:
D:1:      dpeg_arrival_tiny_f, layout_basic
D:2:      layout_loops_ring, chequers_serial_rivers_micro_b,
          uniq_crazy_yiuf_cottage, uniq_terence

Skill      XL: |  1  2 |
---------------+-------+-----
Poison Magic   | 5 |  5.1
Throwing       | |  0.1
Dodging        | |  1.6
Stealth        | |  3.3
Unarmed Combat | |  0.2
Spellcasting   | |  2.1
Transmutations | |  1.4

Action                     || total
---------------------------++-------
  Melee: Unarmed           ||     5
  Throw: Dart              ||    14
   Cast: Sting             ||    28
Ability: Spit Poison       ||    19
    Use: Scroll            ||     6
 Armour: Robe              ||     3
  Dodge: Dodged            ||     9

Table legend: (Time is in decaauts)
 A = Elapsed time spent in this place.
 B = Non-inter-level travel time spent in this place.
 C = Inter-level travel time spent in this place.
 D = Time resting spent in this place.
 E = Time spent auto-exploring this place.
 F = Levels seen in this place.
 G = Mean time per level.
                   A        B        C        D        E       F      G
               +--------+--------+--------+--------+--------+-----+--------+
         Total |   1604 |   1562 |     42 |     62 |   1255 |   2 |  802.0 |
       Dungeon |   1604 |   1562 |     42 |     62 |   1255 |   2 |  802.0 |
               +--------+--------+--------+--------+--------+-----+--------+

Top non-repeatable levels by time:
     D:1: 1466 daAuts
     D:2: 137 daAuts
